 Dungeon Crawl Stone Soup version 0.29-a0-613-gf2c431b9b9 (webtiles) character file.

Game seed: 9164942806135011621

21401 DocClef the Severer (level 12, -8/93 HPs)
             Began as a Pale Draconian Fighter on June 16, 2022.
             Was a High Priest of Okawaru.
             Shot with an arrow by Nessos (17 damage)
             ... on level 4 of the Lair of Beasts.
             The game lasted 00:21:46 (16680 turns).

DocClef the Severer (Pale Draconian Fighter)       Turns: 16680, Time: 00:21:47

Health: -8/93      AC: 14    Str: 22    XL:     12   Next: 53%
Magic:  10/12      EV: 17    Int:  9    God:    Okawaru [*****.]
Gold:   1033       SH:  0    Dex: 21    Spells: 11/11 levels left

rFire   + . .      SeeInvis .   n - +12 battleaxe of the Stopping Vulture {holy, rPois rC+}
rCold   + . .      Faith    .   (shield currently unavailable)
rNeg    . . .      Spirit   .   (body armour unavailable)
rPois   +          Reflect  .   M - +1 hat "Poguupp" {Dex+3}
rElec   +          Harm     .   f - +2 cloak
rCorr   .          Rampage  .   x - +0 pair of gloves
Will    .....                   G - +0 pair of boots
Stlth   +++.......              (no amulet)
HPRegen 0.25/turn               q - ring "Ygemock" {rElec rF+ Will- Dex+6}
MPRegen 0.13/turn               u - ring of willpower

@: lethally poisoned (-8 -> -19), heroic, studying Shields
A: breathe steam, AC +8, unfitting armour, cold-blooded, steam resistance
a: Breathe Steam, Renounce Religion, Heroism, Finesse, Duel


You were on level 4 of the Lair of Beasts.
You worshipped Okawaru.
Okawaru was extremely pleased with you.
You visited 3 branches of the dungeon, and saw 15 of its levels.
You also visited: Bailey.

You collected 1033 gold pieces.

Inventory:

Hand Weapons
 d - the +5 hand crossbow of Growth {elec, rN+ Will+ Int+2 SInv}
   (You found it on level 6 of the Dungeon)

   Any ammunition fired from it occasionally discharges a powerful burst of
   electricity upon striking a foe.
   Int:       It affects your intelligence (+2).
   rN:        It protects you from negative energy.
   SInv:      It lets you see invisible.
   Will:      It increases your willpower.
 n - the +12 battleaxe of the Stopping Vulture (weapon) {holy, rPois rC+}
   (You found it on level 2 of the Dungeon)

   It has been blessed by the Shining One to cause great damage to the undead
   and demons.
   rC:        It protects you from cold.
   rPois:     It protects you from poison.
 P - a +2 war axe of electrocution
Missiles
 A - a throwing net
Armour
 b - a +0 buckler
 f - a +2 cloak (worn)
 x - a +0 pair of gloves (worn)
 G - a +0 pair of boots (worn)
 M - the +1 hat "Poguupp" (worn) {Dex+3}
   (Okawaru gifted it to you on level 2 of the Lair of Beasts)

   Dex:       It affects your dexterity (+3).
Jewellery
 q - the ring "Ygemock" (left hand) {rElec rF+ Will- Dex+6}
   (You found it on level 2 of the Dungeon)

   [ring of dexterity]

   Dex:       It affects your dexterity (+6).
   rF:        It protects you from fire.
   rElec:     It insulates you from electricity.
   Will:      It decreases your willpower.
 u - a ring of willpower (right hand)
 v - a ring of resist corrosion
 J - a +4 ring of evasion
 O - an amulet of reflection
Wands
 y - a wand of flame (21)
 E - a wand of iceblast (3)
 F - a wand of mindburst (31)
 H - a wand of charming (12)
 L - a wand of digging (4)
Scrolls
 e - 7 scrolls of identify
 g - 12 scrolls of teleportation
 j - 6 scrolls of enchant weapon
 o - 2 scrolls of fog
 p - 2 scrolls of magic mapping
 t - 3 scrolls of amnesia
 N - a scroll of enchant armour
Potions
 c - a potion of might
 h - 10 potions of heal wounds {unknown}
 i - a potion of berserk rage
 k - 4 potions of degeneration {unknown}
 l - 2 potions of ambrosia {unknown}
 m - 3 potions of mutation
 r - 3 potions of brilliance {unknown}
 s - 3 potions of attraction {unknown}
 z - 4 potions of curing
 B - 4 potions of invisibility {unknown}
 C - 4 potions of lignification {unknown}
 D - a potion of flight {unknown}
 I - 2 potions of resistance
 K - a potion of cancellation {unknown}


   Skills:
 - Level 4.8(9.8) Fighting
 + Level 17.6(22.6) Axes
 - Level 10.0(15.0) Crossbows
 - Level 2.6(7.6) Dodging
 - Level 3.0(8.0) Shields


You had 11 spell levels left.
You didn't know any spells.
Your spell library contained the following spells:

 Spells                   Type           Power      Damage    Failure   Level
 Sting                    Tmut/Pois      0%         1d3       38%         1
 Poisonous Vapours        Pois/Air       0%         N/A       52%         2
 Dazzling Flash           Conj/Hex       0%         N/A       77%         3
 Corpse Rot               Necr/Pois/Air  0%         N/A       99%         4
 Olgreb's Toxic Radiance  Pois           0%         N/A       99%         4
 Agony                    Necr           0%         N/A       100%        5
 Silence                  Hex/Air        0%         N/A       100%        5


Dungeon Overview and Level Annotations

Branches:
Dungeon (10/15)            Temple (1/1) D:6            Lair (4/6) D:10
  Swamp (0/4) Lair:4       Bailey (visited)
  Snake: Lair:2-4    Spider: Lair:2-4       Orc: D:9-12

Altars:
Ashenzari
Cheibriados
Dithmenos
Elyvilon
Fedhas
Gozag
Hepliaklqana
Kikubaaqudgha
Makhleb
Nemelex Xobeh
Okawaru
Qazlal
Ru
Sif Muna
Trog
Uskayaw
Vehumet
Wu Jian
Xom
Yredelemnul
Zin
The Shining One
Beogh

Shops:
D:5 *

Annotations:
D:7 2 transporters, DocClef's ghost, weakling DrDe
D:8 1 runed translucent door, Dordric's ghost, novice FoHu
Lair:4 Nessos


Innate Abilities, Weirdness & Mutations

You can breathe blasts of scalding, opaque steam.
Your pale cyan-grey scales are hard. (AC +8)
You cannot fit into any form of body armour.
You are cold-blooded and may be slowed by cold attacks.
You are immune to the effects of steam.


Message History

The polar bear claws you but does no damage.
Nessos shouts!
You slash the polar bear!
Your tail-slap misses the polar bear.
The polar bear is severely wounded.
A nearby plant withers and dies.
Nessos wields a +3 longbow of flaming.
It bursts into flame!
Nessos shoots an arrow.
The arrow hits you! The arrow burns you. The polar bear barely misses you.
The polar bear closely misses you.
The polar bear claws you but does no damage.
Nessos casts a spell.
Nessos seems to speed up.
Nessos shoots an arrow.
The arrow hits you! The arrow burns you.
Nessos shoots an arrow.
The arrow hits you. The arrow burns you.
Nessos shoots an arrow.
The arrow hits you!
* * * LOW HITPOINT WARNING * * *
The arrow burns you.
* * * LOW HITPOINT WARNING * * *
You gain the combat prowess of a mighty hero.
The polar bear closely misses you. The polar bear barely misses you.
The polar bear misses you.
Nessos casts a spell.
Nessos blinks!
Okay, then.
The air fills with toxic fumes!
As you read the scroll labelled VOPUGO UJOP, it crumbles to dust.
It was a scroll of poison.
Nessos is engulfed in poison gas.
Nessos is poisoned.
Nessos casts a spell.
Nessos blinks!
The polar bear misses you.
The polar bear claws you but does no damage. x2
You slice the polar bear!!
You kill the polar bear!
Okawaru accepts your kill.
You fail to use your ability.
Nessos is engulfed in poison gas.
Nessos looks even sicker.
Nessos shoots an arrow.
The arrow hits you!
* * * LOW HITPOINT WARNING * * *
You are lethally poisoned!
Nessos is engulfed in poison gas.
Nessos looks even sicker.
Nessos shoots an arrow.
The arrow hits you!
You die...

##.###..###.##...#
.§§§§§.§.§§§§§§§.#
.§§§§§§§.§§§§§§§.#
#§§§§§§§.§§§§§§§.##
.§§§§§§.§.§§§§§§..#
...§§§§§..§§§§§§..#
.!...§.c§§§§§§§§.##
.##..##§#§§§§#P...#
.....#.#@§§§###..P#
.§§§§§§§§§§§§§§§.##
.§§§§§§§§§§.§§§§.#
###§#P§§P§#§###§#§.##
##..§PP§§§##§§.##§§..#
....§§§§§§..§§§...§.##
....§§§§§§..§§§......#
..#.§§P§#§..##§§.#...#
....#.#....#.##.P#..###


You could see Nessos (fast, very poisoned).

Vanquished Creatures
  3 hydras
  2 two-headed ogres (D:10)
  Nergalle (Lair:2)
  Amaemon (Lair:3)
  Pikel (D:4)
  3 black mambas
  An orange demon (Lair:3)
  An unseen horror (D:10)
  2 cane toads (Lair:3)
  A rime drake (Lair:2)
  8 komodo dragons
  A polar bear (Lair:4)
  A troll (D:10)
  A hornet (D:8)
  4 blink frogs (Lair:3)
  2 wraiths
  A basilisk (Lair:3)
  2 wyverns
  19 yaks
  Eustachio (D:6)
  A steam dragon (D:8)
  2 vampire mosquitoes (D:10)
  Menkaure (D:6)
  7 water moccasins
  2 acid dragons
  A black bear (D:4)
  15 orc warriors
  A sky beast (D:8)
  2 ice beasts
  10 wolves
  14 centaurs
  2 lemures (D:4)
  An ogre (D:5)
  3 kobold brigands
  2 gnoll sergeants (D:10)
  6 bullfrogs
  Blork the orc (D:6)
  4 necrophages
  2 wights (D:9)
  6 killer bees
  An electric eel (Lair:4)
  4 orc priests
  2 jellies (D:4)
  5 iguanas
  Jessica (D:2)
  Natasha (thrice) (D:2)
  7 orc wizards
  12 adders
  11 gnolls
  A white imp (D:7)
  An ufetubus (D:5)
  3 worms
  A dart slug (D:4)
  67 orcs
  10 bats
  4 endoplasms
  2 giant cockroaches (D:4)
  16 goblins
  5 hobgoblins
  6 jackals (D:2)
  5 quokkas
  10 ball pythons
  A frilled lizard (D:1)
  19 kobolds
  5 rats
341 creatures vanquished.

Vanquished Creatures (others)
  3 fungi
  A plant (Lair:4)
4 creatures vanquished.

Grand Total: 345 creatures vanquished

Notes
Turn   | Place    | Note
-------+----------+-------------------------------------------
     0 | D:1      | DocClef the Draconian Fighter began the quest for the Orb.
     0 | D:1      | Reached XP level 1. HP: 19/19 MP: 1/1
   415 | D:1      | Reached XP level 2. HP: 27/27 MP: 2/2
  1052 | D:2      | Reached XP level 3. HP: 21/34 MP: 3/3
  1214 | D:2      | Identified the +12 battleaxe of the Stopping Vulture {holy,
                  | rPois rC+}
  1239 | D:2      | Noticed Jessica
  1247 | D:2      | Killed Jessica
  1248 | D:2      | Reached skill level 3 in Axes
  1248 | D:2      | Reached XP level 4. HP: 34/41 MP: 4/4
  1318 | D:2      | Identified the ring "Ygemock" {rElec rF+ Will- Dex+6}
  1378 | D:2      | Noticed Natasha
  1389 | D:2      | Killed Natasha
  1574 | D:2      | Noticed Natasha
  1577 | D:2      | Killed Natasha
  1578 | D:2      | Reached skill level 4 in Axes
  1578 | D:2      | Reached XP level 5. HP: 47/47 MP: 5/5
  1889 | D:2      | Noticed Natasha
  1894 | D:2      | Killed Natasha
  1994 | D:2      | Found a faded altar of an unknown god.
  2439 | D:3      | Reached skill level 5 in Axes
  2876 | D:3      | You fall into a shaft and drop 1 floor!
  2882 | D:4      | Noticed a black bear
  2896 | D:4      | Reached XP level 6. HP: 46/55 MP: 6/6
  2899 | D:4      | Reached skill level 6 in Axes
  3643 | D:4      | Noticed Pikel
  3676 | D:4      | Killed Pikel
  3677 | D:4      | Reached skill level 8 in Axes
  3677 | D:4      | Your scales start taking on a pale cyan-grey colour.
  3677 | D:4      | Reached XP level 7. HP: 33/60 MP: 7/7
  3677 | D:4      | Gained mutation: You are immune to the effects of steam.
                  | [Pale Draconian growth]
  4579 | D:5      | Entered Level 5 of the Dungeon
  4595 | D:5      | Reached XP level 8. HP: 64/67 MP: 8/8
  4597 | D:5      | Reached skill level 9 in Axes
  4818 | D:5      | Reached skill level 10 in Axes
  4935 | D:5      | Found Taeto's Assorted Antiques.
  5176 | D:6      | Noticed Menkaure
  5183 | D:6      | Killed Menkaure
  5348 | D:6      | Noticed Eustachio
  5353 | D:6      | Killed Eustachio
  5546 | D:6      | Reached skill level 11 in Axes
  5726 | D:6      | Found a staircase to the Ecumenical Temple.
  5735 | Temple   | Entered the Ecumenical Temple
  5934 | Temple   | Became a worshipper of Warmaster Okawaru
  6027 | D:6      | Identified the +5 hand crossbow of Growth {elec, rN+ Will+
                  | Int+2 SInv}
  6054 | D:6      | Reached XP level 9. HP: 65/73 MP: 9/9
  6219 | D:6      | Noticed Blork the orc
  6227 | D:6      | Killed Blork the orc
  6391 | D:7      | Found a transporter.
  6419 | D:7      | Found a glowing silver altar of Zin.
  6419 | D:7      | Found a sparkling altar of Nemelex Xobeh.
  6423 | D:7      | Reached skill level 1 in Crossbows
  6424 | D:7      | Found an opulent altar of Gozag.
  6424 | D:7      | Found a hazy altar of Hepliaklqana.
  6425 | D:7      | Found a shimmering altar of Xom.
  6425 | D:7      | Found a glowing golden altar of the Shining One.
  6436 | D:7      | Found a snail-covered altar of Cheibriados.
  6437 | D:7      | Found a broken altar of Ashenzari.
  6437 | D:7      | Found a burning altar of Makhleb.
  6438 | D:7      | Found a basalt altar of Yredelemnul.
  6723 | D:7      | Found a transporter.
  6743 | D:7      | Noticed DocClef's ghost (weakling DrDe)
  6743 | D:7      | Noticed a two-headed ogre
  6746 | D:7      | Found a bloodstained altar of Trog.
  6754 | D:7      | Noticed a moth of wrath
  6815 | D:7      | Reached * piety under Okawaru
  7250 | D:8      | Reached skill level 5 in Crossbows
  7407 | D:8      | Found a flagged portal.
  7415 | Bailey   | Entered a bailey
  7598 | Bailey   | Reached ** piety under Okawaru
  7978 | Bailey   | Reached XP level 10. HP: 80/80 MP: 10/10
  8498 | Bailey   | Reached *** piety under Okawaru
  9213 | D:8      | Found a runed translucent door.
  9215 | D:8      | Noticed Dordric's ghost (novice FoHu)
  9320 | D:8      | Identified the +1 chain mail "Wili" {rPois rC- Int+8 Dex-5}
  9769 | D:8      | Identified the +6 spear of Indomitability {speed, Int+2
                  | Dex+4}
  9871 | D:9      | Reached skill level 10 in Crossbows
 10010 | D:9      | Reached **** piety under Okawaru
 10318 | D:9      | Reached skill level 12 in Axes
 10829 | D:10     | Entered Level 10 of the Dungeon
 10872 | D:10     | Noticed a two-headed ogre
 10878 | D:10     | Killed a two-headed ogre
 11141 | D:10     | Found a staircase to the Lair.
 11217 | D:10     | Reached XP level 11. HP: 53/85 MP: 11/11
 11456 | D:10     | Reached skill level 13 in Axes
 12521 | D:10     | Noticed a two-headed ogre
 12527 | D:10     | Killed a two-headed ogre
 12527 | D:10     | Reached ***** piety under Okawaru
 12867 | Lair:1   | Entered Level 1 of the Lair of Beasts
 12950 | Lair:1   | Noticed a five-headed hydra
 12965 | Lair:1   | Killed a five-headed hydra
 12966 | Lair:1   | Reached skill level 14 in Axes
 13996 | Lair:2   | Noticed Nergalle
 14002 | Lair:2   | Killed Nergalle
 14002 | Lair:2   | Identified the +1 hat "Poguupp" {Dex+3} (Okawaru gifted it
                  | to you on level 2 of the Lair of Beasts)
 14002 | Lair:2   | Received a gift from Okawaru
 14003 | Lair:2   | Reached skill level 15 in Axes
 14243 | Lair:2   | Noticed a seven-headed hydra
 14391 | Lair:3   | Reached XP level 12. HP: 32/93 MP: 12/12
 14793 | Lair:3   | Reached skill level 16 in Axes
 15530 | Lair:3   | Noticed a four-headed hydra
 15541 | Lair:3   | Killed a five-headed hydra
 15771 | Lair:3   | Noticed Amaemon
 15780 | Lair:3   | Killed Amaemon
 15781 | Lair:3   | Reached skill level 17 in Axes
 16297 | Lair:4   | Noticed a five-headed hydra
 16304 | Lair:4   | Killed a five-headed hydra
 16377 | Lair:4   | Received a gift from Okawaru
 16459 | Lair:4   | Found a staircase to the Swamp.
 16672 | Lair:4   | Noticed Nessos
 16680 | Lair:4   | Shot with an arrow by Nessos

Illustrated notes

Levels and vault maps discovered:
D:1:      nicolae_arrival_washed_ashore, layout_basic
D:2:      layout_basic, ebering_ecumenical_altar_webs, uniq_jessica,
          uniq_natasha
D:3:      layout_loops_corners, nrook_loot_triangle, roderic_cross_of_infinity,
          grunt_decor_mini_mirrors, grunt_decor_resistance
D:4:      layout_layer_cave, uniq_pikel
D:5:      layout_cave_pools, serial_shops, kennysheep_mini_moat
D:6:      layout_basic, minmay_temple_entry_proselytizer, grunt_decor_cap,
          uniq_eustachio, uniq_blork_the_orc, uniq_menkaure
D:7:      layout_basic, nicolae_overflows_in_rows,
          gammafunk_ghost_wrathful_warriors
D:8:      layout_layer_cave, ebering_ghost_inner_flame, enter_bailey_3
D:9:      layout_basic, due_unseen_surprise
D:10:     layout_roguey [special_room_orc], lair_entry_dummy
Temple:   minmay_temple_bridge_abc
Lair:1:   layout_regular_city
Lair:2:   layout_regular_city, spider_nest_entry_rubble, uniq_harold,
          uniq_nergalle
Lair:3:   layout_long_grid, beast_lair_carwin_8, lemuel_fruit_tree, uniq_amaemon
Lair:4:   layout_long_grid, swamp_mist, infiniplex_staircase_pool,
          grunt_megastairs_4, uniq_nessos

Skill      XL: |  1  2  3  4  5  6  7  8  9 10 11 12 |
---------------+-------------------------------------+-----
Fighting       | 4 |  4.8
Axes           | 3 4 5 8 11 12 15 17 | 17.6
Crossbows      | 7 10 | 10.0
Dodging        | |  2.6
Shields        | |  3.0

Action                   |  1- 3 |  4- 6 |  7- 9 | 10-12 || total
-------------------------+-------+-------+-------+-------++-------
Melee: War axe           |    72 |       |       |       ||    72
       Tailslap          |     5 |     9 |     7 |    36 ||    57
       Battleaxe         |     7 |   106 |    98 |   271 ||   482
 Fire: Hand crossbow     |       |       |    86 |   187 ||   273
Invok: Heroism           |       |       |       |     7 ||     7
 Abil: Breathe Steam     |       |       |     1 |     4 ||     5
  Use: Scroll            |       |       |    15 |     1 ||    16
 Stab: Distracted        |       |       |       |     1 ||     1
Armor: Skin              |    36 |    34 |    34 |   142 ||   246
Dodge: Dodged            |    44 |    89 |    67 |   278 ||   478
Block: Buckler           |    18 |       |       |     5 ||    23

Table legend: (Time is in decaauts)
 A = Elapsed time spent in this place.
 B = Non-inter-level travel time spent in this place.
 C = Inter-level travel time spent in this place.
 D = Time resting spent in this place.
 E = Time spent auto-exploring this place.
 F = Levels seen in this place.
 G = Mean time per level.
                   A        B        C        D        E       F      G
               +--------+--------+--------+--------+--------+-----+--------+
         Total |  16824 |  16374 |    450 |   2626 |  11551 |  16 | 1051.5 |
       Dungeon |  11409 |  11006 |    403 |   1076 |   8508 |  10 | 1140.9 |
        Temple |    219 |    200 |     19 |      0 |    174 |   1 |  219.0 |
          Lair |   3791 |   3763 |     28 |    987 |   2372 |   4 |  947.8 |
        Bailey |   1403 |   1403 |      0 |    563 |    496 |   1 | 1403.0 |
               +--------+--------+--------+--------+--------+-----+--------+

Top non-repeatable levels by time:
  Lair:3: 2015 daAuts
    D:10: 1767 daAuts
     D:8: 1554 daAuts
     D:4: 1445 daAuts
  Bailey: 1403 daAuts
  Lair:1: 1125 daAuts
     D:3: 1091 daAuts
     D:2: 1088 daAuts
     D:1: 1057 daAuts
     D:6: 1034 daAuts
     D:9: 1023 daAuts
     D:7: 781 daAuts
     D:5: 564 daAuts
  Lair:4: 378 daAuts
  Lair:2: 272 daAuts
